Construct Section Command Post
Construct Platoon Command Post
Selects Air and Sea Battlegroup
6-pounder Anti-tank Gun Team
Selects Commando Section Paradrop
Selects Commando Support Section Paradrop
Commando Support Section Paradrop
Construct Company Command Post
Selects Anti-tank Rocket Loiter
Unlock Bishop Self-propelled Artillery
Bishop Self-propelled Artillery
Selects Centaur Medium Tank
Bishop Self-propelled Artillery
Unlock Towed 17-pounder Anti-tank Guns
17-pounder Anti-tank Gun Team
Unlock M3 Grant Medium Tanks